 Dungeon Crawl Stone Soup version 0.31.0-32-g396128a36d (webtiles) character file.

Game seed: 13429549092680088667

142 PaiMei the Grave Robber (level 5, -5/35 HPs)
             Began as a Demonspawn Necromancer on Mar 29, 2024.
             Slain by Crazy Yiuf
             ... wielding a +4 quarterstaff of chaos
              (12 damage)
             ... on level 3 of the Dungeon.
             The game lasted 00:02:52 (3092 turns).

PaiMei the Grave Robber (Demonspawn Necromancer)    Turns: 3092, Time: 00:02:52

Health: -5/35      AC:  4    Str:  9    XL:     5   Next: 4%
Magic:  5/9        EV: 12    Int: 19    God:
Gold:   126        SH:  0    Dex: 13    Spells: 9/10 levels left

rFire   . . .        r - +1 dagger (drain)
rCold   + . .        (no shield)
rNeg    . . .        l - +2 robe {rC+}
rPois   .            (no helmet)
rElec   .            (no cloak)
rCorr   .            (no gloves)
SInv    .            (no boots)
Will    .....        (no amulet)
Stlth   ++           n - ring of wizardry
HPRegen 0.25/turn    (no ring)
MPRegen 0.11/turn

%: wizardry (x1)
@: no status effects
A: powered by pain 1, big brain 1
a: no special abilities


You were on level 3 of the Dungeon.
You visited 1 branch of the dungeon, and saw 3 of its levels.

You collected 126 gold pieces.

Inventory:

Hand Weapons
 j - a +0 dagger
 m - a +0 falchion
 r - a +1 dagger of draining (weapon)
Missiles
 p - 4 poisoned darts
Armour
 a - a +0 robe
 l - a +2 robe of cold resistance (worn)
Jewellery
 n - a ring of wizardry (left hand)
Wands
 o - a wand of digging (5)
Scrolls
 c - 3 scrolls of identify {unknown}
 d - a scroll of noise {unknown}
 e - a scroll of fear {unknown}
 g - 2 scrolls of poison {unknown}
 h - 2 scrolls of blinking {unknown}
 k - a scroll of fog {unknown}
 s - a scroll of vulnerability {unknown}
 t - a scroll of teleportation {unknown}
Potions
 b - a potion of magic
 f - a potion of mutation {unknown}
 i - 3 potions of attraction {unknown}
 q - a potion of curing {unknown}


   Skills:
 + Level 0.0 Fighting
 + Level 2.7 Dodging
 - Level 2.9 Stealth
 + Level 3.0 Spellcasting
 + Level 5.1 Necromancy


You had 9 spell levels left.
You knew the following spells:

 Your Spells              Type           Power      Damage    Failure   Level
a - Necrotise             Necr           88%        1d8       1%          1

Your spell library contained the following spells:

 Spells                   Type           Power      Damage    Failure   Level
 Vampiric Draining        Necr           22%        2d7       2%          3
 Animate Dead             Necr           22%        N/A       8%          4
 Curse of Agony           Necr           22%        N/A       21%         5


Dungeon Overview and Level Annotations

Branches:
Dungeon (3/15)

Altars:
Dithmenos

Annotations:
D:3 Crazy Yiuf


Innate Abilities, Weirdness & Mutations

You sometimes gain a little power by taking damage.
You have an unusually large brain. (Int +2)


Message History

Casting: Necrotise (safe; 1% risk of failure)
Confirm with . or Enter, or press ? or * to list all spells.
Aiming: Necrotise (safe; 1% risk of failure)
Press: ? - help, Shift-Dir - straight line, f - Crazy Yiuf
Aim: Crazy Yiuf, wielding a +4 quarterstaff of chaos and wearing a +2 cloak of preservation (chance to affect: 86%) Crazy Yiuf writhes in agony.
Casting: Necrotise (safe; 1% risk of failure)
Confirm with . or Enter, or press ? or * to list all spells.
You don't know that spell.
You hit Crazy Yiuf but do no damage. You drain Crazy Yiuf.
Crazy Yiuf is moderately wounded.
Crazy Yiuf hits you with a +4 quarterstaff of chaos.
Crazy Yiuf draws strength from your wounds!
You barely miss Crazy Yiuf.
Crazy Yiuf is moderately wounded.
Crazy Yiuf hits you with a +4 quarterstaff of chaos!
Casting: Necrotise (safe; 1% risk of failure)
Confirm with . or Enter, or press ? or * to list all spells.
Aiming: Necrotise (safe; 1% risk of failure)
Press: ? - help, Shift-Dir - straight line, f/p - Crazy Yiuf
Aim: Crazy Yiuf, wielding a +4 quarterstaff of chaos and wearing a +2 cloak of preservation (moderately wounded, heavily drained, chance to affect: 88%) Crazy Yiuf barely resists.
Crazy Yiuf hits you with a +4 quarterstaff of chaos!
* * * LOW HITPOINT WARNING * * *
Crazy Yiuf burns you.
* * * LOW HITPOINT WARNING * * *
Casting: Necrotise (safe; 1% risk of failure)
Confirm with . or Enter, or press ? or * to list all spells.
Aiming: Necrotise (safe; 1% risk of failure)
Press: ? - help, Shift-Dir - straight line, f/p - Crazy Yiuf
Aim: Crazy Yiuf, wielding a +4 quarterstaff of chaos and wearing a +2 cloak of preservation (moderately wounded, heavily drained, chance to affect: 88%) Crazy Yiuf writhes in agony!
Crazy Yiuf barely misses you.
Casting: Necrotise (safe; 1% risk of failure)
Confirm with . or Enter, or press ? or * to list all spells.
Aiming: Necrotise (safe; 1% risk of failure)
Press: ? - help, Shift-Dir - straight line, f/p - Crazy Yiuf
Aim: Crazy Yiuf, wielding a +4 quarterstaff of chaos and wearing a +2 cloak of preservation (heavily wounded, heavily drained, chance to affect: 88%) Crazy Yiuf writhes in agony!
Crazy Yiuf hits you with a +4 quarterstaff of chaos!
You die...

#.# #.########### #.#
#.#...<...... #.#
#....######## #.#
#####......# #.#
######.# #.# #.# #.#
### ###### #.##
#.######## #)..###
##.#..####.##
#........#
#...g@####......##....
##########
#...##..#...........##
### ###.#..#.#####.##
######## #...
######### #........
#########


You could see Crazy Yiuf (very drained).

Vanquished Creatures
  An orc priest (D:2)
  An iguana (D:3)
  A gnoll (D:1)
  2 adders (D:3)
  2 dart slugs
  9 orcs
  5 endoplasms
  A giant cockroach (D:3)
  3 goblins
  4 hobgoblins
  2 kobolds
  2 quokkas
  6 ball pythons
  2 bats (D:3)
  A frilled lizard (D:1)
  3 rats
45 creatures vanquished.

Vanquished Creatures (collateral kills)
  A dart slug (D:1)
  An endoplasm (D:1)
2 creatures vanquished.

Grand Total: 47 creatures vanquished

Notes
Turn   | Place    | Note
-------+----------+-------------------------------------------
     0 | D:1      | PaiMei the Demonspawn Necromancer began the quest for the
                  | Orb.
     0 | D:1      | Reached XP level 1. HP: 13/13 MP: 3/3
   242 | D:1      | Gained mutation: You sometimes gain a little power by
                  | taking damage. [demonic ancestry]
   242 | D:1      | Reached XP level 2. HP: 19/19 MP: 0/5
   651 | D:1      | Found a faded altar of an unknown god.
   723 | D:1      | Reached XP level 3. HP: 18/24 MP: 0/6
  1571 | D:2      | Reached XP level 4. HP: 30/30 MP: 4/7
  1611 | D:2      | Found a shadowy altar of Dithmenos.
  1960 | D:3      | Reached skill level 5 in Necromancy
  2523 | D:3      | Gained mutation: You have an unusually large brain. (Int
                  | +2) [demonic ancestry]
  2523 | D:3      | Reached XP level 5. HP: 34/35 MP: 5/9
  3028 | D:3      | Found a runed translucent door.
  3029 | D:3      | Noticed Crazy Yiuf
  3092 | D:3      | Slain by Crazy Yiuf

Illustrated notes

Levels and vault maps discovered:
D:1:      onia_arrival_pentagram, layout_basic,
          dreamdust_ecumenical_altar_angels_and_demons, hangedman_decor_push
D:2:      cheibrodos_pilgrimage, layout_loops_corners, basic_altar,
          chequers_serial_rivers_large_b, grunt_ministairs_8, uniq_terence
D:3:      layout_loops_ring, uniq_crazy_yiuf_cottage

Skill      XL: |  1  2  3  4 |
---------------+-------------+-----
Stealth        | 2 |  2.9
Dodging        | 2 |  2.7
Necromancy     | 5 |  5.1
Spellcasting   | 3 |  3.0

Action                     |  1- 3 |  4- 6 || total
---------------------------+-------+-------++-------
  Melee: Unarmed           |     7 |       ||     7
         Dagger            |     4 |    21 ||    25
         Falchion          |       |     6 ||     6
   Cast: Necrotise         |    50 |    55 ||   105
 Armour: Robe              |     8 |    43 ||    51
  Dodge: Dodged            |    24 |    27 ||    51
